Map: Year Zero LE

Players

Camelot - Winner!

  • Race: Zerg Zerg
  • League: Diamond
  • Spawn Location: 11:00

Kolo

  • Race: Terran Terran
  • League: Diamond
  • Spawn Location: 1:00

VOD

Have the link to the VOD?

Description

Time

  • Played on: Feb. 11, 2019, 2:25 p.m.
  • Length: 9:46
Show
View Real Time Build Order
Export as new Build Order

Camelot Zerg - Winner!

Build Orders: Pool First 

Get SALT Encoding   

  12  0:02  Drone  
  13  0:13  Overlord  
  13  0:18  Drone  
  14  0:31  Drone x2  
  14  0:35  Drone  
  17  0:48  Drone, Spawning Pool  
  17  0:58  Drone  
  18  1:14  Extractor, Hatchery  
  18  1:17  Drone  
  17  1:20  Drone  
  18  1:35  Roach Warren  
  18  1:36  Zergling x2  
  18  1:43  Queen  
  20  1:47  Drone  
  20  1:50  Drone  
  22  2:01  Overlord  
  22  2:19  Queen  
  24  2:30  Roach x2  
  24  2:31  Roach  
  24  2:32  Queen  
  32  2:53  Drone  
  32  2:54  Drone x3  
  36  3:03  Overlord  
  36  3:21  Drone x5  
  41  3:33  Drone x2  
  43  3:40  Drone  
  43  3:41  Drone  
  44  3:43  Lair  
  44  3:54  Overlord  
  44  3:55  Overlord x2  
  44  4:09  Extractor, Drone  
  44  4:10  Extractor, Drone  
  44  4:11  Extractor  
  44  4:12  Drone  
  44  4:13  Drone x5  
  49  4:40  Drone  
  49  4:42  Drone  
  49  4:43  Spire  
  49  4:44  Drone x4  
  54  4:55  Overseer  
  54  5:08  Roach x7  
  68  5:30  Hatchery  
  67  5:36  Overlord x3  
  67  5:37  Overlord  
  67  5:38  Drone  
  68  5:49  Overlord  
  68  6:00  Mutalisk x2  
  68  6:01  Mutalisk x4  
  80  6:09  Glial Reconstitution  
  80  6:12  Drone  
  80  6:13  Drone  
  80  6:14  Drone x3, Evolution Chamber  
  84  6:20  Evolution Chamber  
  83  6:27  Drone x2, Overlord  
  83  6:28  Overlord  
  83  6:29  Roach x2  
  89  6:34  Drone x2  
  91  6:43  Zerg Missile Weapons Level 1  
  91  6:45  Drone x2  
  93  6:56  Roach x5  
  103  7:09  Roach x4  
  111  7:26  Roach x4  
  111  7:27  Roach x4  
  111  7:29  Ravager x2  
  127  7:48  Drone x3  
  130  7:59  Overlord x3  
  126  8:21  Roach x7  
  140  8:29  Ravager x5  
  145  8:34  Roach  
  145  8:35  Roach x3, Overlord x2  
  145  8:36  Overlord x5  
  151  9:05  Corruptor x2  
  143  9:17  Corruptor  
  147  9:27  Extractor  
  147  9:29  Extractor  
  145  9:35  Ravager x2  
Show
View Real Time Build Order
Export as new Build Order

Kolo Terran 

Build Orders:  

Get SALT Encoding   

  12  0:01  SCV  
  13  0:13  SCV  
  14  0:19  Supply Depot  
  14  0:25  SCV  
  15  0:30  Refinery  
  15  0:40  SCV  
  16  0:49  Barracks  
  16  0:53  SCV  
  17  1:07  Barracks  
  17  1:10  SCV  
  18  1:22  SCV  
  19  1:35  Orbital Command  
  19  1:36  Reaper  
  20  1:54  Supply Depot  
  20  1:56  Reaper  
  20  2:01  SCV  
  22  2:11  Reaper  
  23  2:21  SCV  
  23  2:22  Command Center  
  24  2:28  Marine  
  25  2:43  Marine  
  26  2:52  Command Center  
  26  2:53  SCV  
  28  3:05  Barracks Reactor  
  27  3:06  Bunker  
  27  3:12  Barracks Tech Lab  
  27  3:14  Bunker  
  27  3:15  SCV  
  28  3:22  Factory  
  28  3:23  Refinery  
  28  3:28  SCV  
  28  3:33  Marine  
  30  3:40  Orbital Command  
  30  3:47  Stimpack  
  30  3:49  SCV  
  30  3:52  Marine  
  32  3:57  Marine  
  32  4:01  SCV  
  34  4:02  Marine  
  35  4:10  Factory Tech Lab  
  35  4:12  Orbital Command  
  35  4:13  SCV  
  35  4:15  SCV  
  37  4:19  Marine  
  38  4:25  SCV  
  38  4:27  Marine x2, SCV  
  41  4:37  Siege Tank, SCV  
  45  4:39  SCV x2  
  47  4:49  SCV  
  47  4:50  Engineering Bay  
  47  4:51  SCV  
  47  4:52  Engineering Bay  
  49  4:54  Supply Depot  
  49  4:56  SCV  
  49  4:58  Marine x2  
  52  5:04  Supply Depot  
  52  5:06  Marine, SCV  
  54  5:16  Marine x2  
  54  5:18  Terran Infantry Weapons Level 1, Terran Infantry Armor Level 1  
  54  5:20  SCV  
  55  5:29  SCV  
  55  5:30  Refinery  
  55  5:34  SCV  
  57  5:36  SCV  
  57  5:39  Starport, Factory Reactor, Refinery  
  58  5:44  SCV  
  58  5:47  Combat Shield  
  59  5:53  SCV  
  61  5:57  SCV  
  61  5:58  Marine x3  
  61  6:02  SCV  
  65  6:09  SCV  
  65  6:10  SCV  
  67  6:15  Marine  
  68  6:19  Orbital Command  
  68  6:22  Barracks  
  68  6:24  Barracks  
  68  6:25  SCV  
  69  6:26  Barracks  
  69  6:33  SCV  
  69  6:34  Marine  
  69  6:35  Marine x2  
  69  6:38  SCV, Armory  
  74  6:44  Supply Depot  
  74  6:45  SCV  
  74  6:46  Supply Depot  
  75  6:49  SCV  
  75  6:50  SCV  
  77  6:54  Missile Turret  
  77  6:55  Missile Turret  
  77  6:57  SCV  
  77  6:59  Missile Turret  
  77  7:01  SCV  
  77  7:03  Marine  
  77  7:07  Missile Turret  
  77  7:08  Medivac  
  78  7:11  SCV  
  75  7:21  Missile Turret  
  73  7:23  SCV  
  73  7:28  SCV x2  
  75  7:37  SCV  
  76  7:45  SCV x2  
  76  7:48  Marine x2, Missile Turret  
  76  7:51  SCV  
  81  7:57  SCV  
  82  8:01  Missile Turret  
  82  8:04  Barracks Reactor  
  82  8:05  Barracks Tech Lab, Barracks Reactor  
  81  8:06  Siege Tank  
  81  8:07  SCV  
  81  8:11  SCV x2  
  87  8:16  Marine x3  
  89  8:20  SCV  
  89  8:23  SCV x2  
  89  8:27  Marine  
  91  8:32  SCV  
  93  8:34  Marine x2  
  93  8:35  SCV x2  
  93  8:36  Marine  
  93  8:37  Starport Reactor  
  98  8:44  Marine, SCV  
  98  8:45  Marine  
  101  8:51  Refinery x2  
  101  8:59  Supply Depot x2  
  101  9:00  Marine x3, Supply Depot, SCV x2  
  101  9:01  Marine  
  101  9:02  Marine  
  108  9:09  Marine x3  
  99  9:18  Marine x3  
  99  9:19  Marine x2  
  99  9:20  SCV  
  108  9:28  SCV  
Tags
 
Add a new tag
Caveats
  • Supply blocks, unpowered buildings, or Contaminate may cause inaccurate times.
  • Supply counts are checked every 10 seconds.